Map: Cosmic Sapphire

Players

Fohnzii

  • Race: Zerg Zerg
  • League: Diamond
  • Spawn Location: 11:00

joinDSAbro - Winner!

  • Race: Zerg Zerg
  • League: Diamond
  • Spawn Location: 5:00

VOD

Have the link to the VOD?

Description

Time

  • Played on: Nov. 28, 2022, 7:11 p.m.
  • Length: 14:26
Show
View Real Time Build Order
Export as new Build Order

Fohnzii Zerg 

Build Orders: Hatch First 

Get SALT Encoding   

  12  0:00  Drone  
  13  0:12  Overlord  
  13  0:17  Drone  
  14  0:30  Drone x2  
  14  0:34  Drone  
  17  0:53  Hatchery  
  17  0:57  Drone  
  17  0:59  Extractor  
  17  1:01  Drone  
  17  1:17  Spawning Pool  
  17  1:18  Drone  
  17  1:22  Drone  
  18  1:28  Drone  
  19  1:38  Drone  
  20  1:49  Overlord  
  20  2:04  Metabolic Boost, Queen  
  20  2:06  Queen  
  24  2:10  Zergling x2  
  24  2:12  Zergling x2  
  26  2:20  Drone x2  
  26  2:22  Drone  
  29  2:29  Drone  
  30  2:38  Drone x2  
  30  2:43  Queen  
  34  2:45  Queen  
  34  2:49  Overlord  
  36  2:54  Overlord  
  36  3:12  Zergling x8, Spine Crawler  
  38  3:15  Drone x2  
  38  3:16  Drone  
  40  3:20  Drone x2  
  42  3:29  Zergling x6  
  45  3:36  Roach Warren  
  45  3:41  Drone x3  
  47  3:56  Evolution Chamber  
  47  3:57  Drone x4  
  47  3:58  Evolution Chamber  
  49  4:09  Queen  
  51  4:11  Zergling x2  
  51  4:12  Overlord  
  51  4:13  Overlord  
  52  4:22  Zerg Ground Armor Level 1  
  52  4:28  Extractor  
  52  4:31  Zergling x12  
  57  4:33  Zergling x2  
  58  4:44  Queen  
  60  4:55  Zerg Melee Weapons Level 1  
  60  4:57  Zergling x8  
  60  4:58  Zergling x8  
  68  5:01  Overlord  
  68  5:04  Overlord  
  68  5:12  Overlord x2  
  68  5:30  Drone x5  
  68  5:31  Roach x2  
  68  5:32  Roach  
  79  5:41  Roach x4  
  87  5:48  Spore Crawler  
  86  5:50  Spore Crawler  
  86  5:56  Spore Crawler  
  84  5:59  Spore Crawler  
  84  6:00  Roach x3  
  84  6:01  Roach  
  91  6:09  Overlord x2  
  91  6:14  Pneumatized Carapace  
  90  6:39  Spore Crawler  
  89  6:40  Spore Crawler  
  88  6:47  Overlord  
  88  6:48  Overlord  
  88  6:51  Hatchery  
  75  7:16  Roach x11  
  89  7:29  Lair  
  65  8:00  Spore Crawler x2  
  65  8:02  Drone x3  
  65  8:03  Drone x2  
  65  8:04  Roach x7  
  82  8:21  Drone x3  
  82  8:23  Spore Crawler  
  82  8:27  Spore Crawler  
  83  8:28  Spore Crawler  
  78  8:37  Spire  
  78  8:38  Extractor, Drone x2  
  78  8:39  Extractor, Drone  
  78  8:40  Drone  
  61  8:49  Drone x2  
  61  8:50  Drone x2  
  65  9:01  Drone x5  
  65  9:02  Drone  
  59  9:11  Drone x5  
  59  9:16  Spore Crawler  
  61  9:23  Drone  
  62  9:37  Queen  
  62  9:38  Queen x2  
  68  9:49  Corruptor  
  68  9:50  Corruptor x3  
  76  9:54  Corruptor  
  78  10:04  Roach x4  
  86  10:09  Zergling x6  
  89  10:20  Overlord  
  89  10:21  Overlord  
  89  10:29  Zergling x18  
  98  10:41  Overlord x3  
  98  10:59  Extractor  
  98  11:00  Corruptor x4, Extractor, Drone x2  
  98  11:02  Zergling x6  
  109  11:22  Overlord x2  
  109  11:33  Overlord  
  109  11:34  Overlord x2  
  109  11:43  Zerg Ground Armor Level 2, Zerg Missile Weapons Level 1  
  109  11:46  Zergling x18  
  118  11:54  Hydralisk Den  
  117  12:04  Zerg Flyer Armor Level 1  
  117  12:10  Hatchery  
  117  12:11  Corruptor  
  118  12:31  Hydralisk x6  
  118  12:33  Overlord  
  118  12:36  Overlord  
  130  12:56  Overlord  
  130  12:58  Corruptor x3  
  130  13:02  Grooved Spines  
  136  13:09  Drone x5  
  136  13:10  Drone  
  117  13:39  Hydralisk x9  
  100  13:55  Corruptor x4  
  96  14:02  Infestation Pit  
Show
View Real Time Build Order
Export as new Build Order

joinDSAbro Zerg - Winner!

Build Orders: Hatch First 

Get SALT Encoding   

  12  0:00  Drone  
  13  0:17  Overlord  
  13  0:20  Drone  
  15  0:35  Drone  
  15  0:36  Drone  
  16  0:43  Drone  
  17  0:50  Drone  
  18  1:01  Drone  
  19  1:06  Hatchery  
  18  1:12  Spawning Pool  
  18  1:15  Extractor  
  18  1:16  Drone  
  17  1:22  Drone  
  18  1:33  Drone  
  19  1:44  Overlord  
  19  2:01  Queen  
  19  2:03  Drone  
  19  2:05  Drone  
  23  2:15  Drone  
  23  2:19  Drone  
  23  2:20  Queen  
  27  2:26  Drone  
  27  2:27  Spine Crawler  
  27  2:29  Drone  
  28  2:36  Evolution Chamber  
  27  2:37  Drone  
  27  2:40  Zergling x2  
  29  2:48  Zergling x2  
  30  2:53  Lair  
  30  2:54  Zergling x2  
  31  3:16  Drone x4  
  35  3:20  Drone  
  36  3:29  Evolution Chamber  
  36  3:31  Evolution Chamber  
  34  3:37  Drone x2  
  36  3:48  Extractor  
  35  3:49  Overlord  
  35  3:50  Overlord  
  35  3:51  Overlord  
  35  3:52  Overlord  
  35  3:55  Spire  
  35  3:56  Drone x2  
  36  4:07  Drone  
  36  4:08  Drone  
  38  4:15  Zerg Melee Weapons Level 1  
  38  4:18  Drone x7  
  38  4:22  Drone  
  46  4:27  Drone  
  47  4:33  Extractor  
  47  4:35  Extractor  
  45  4:40  Hatchery  
  45  4:44  Metabolic Boost  
  45  4:45  Baneling Nest  
  43  4:46  Drone x2  
  43  4:47  Drone x2  
  43  4:48  Drone  
  43  4:49  Drone x2  
  43  4:50  Drone  
  51  4:55  Queen  
  53  5:08  Mutalisk  
  53  5:14  Zerg Flyer Weapons Level 1  
  55  5:33  Mutalisk x2  
  59  5:51  Zerg Ground Armor Level 1  
  59  6:16  Zerg Melee Weapons Level 2  
  59  6:18  Centrifugal Hooks  
  59  6:30  Zergling x32  
  72  6:39  Mutalisk  
  74  6:44  Overlord x2  
  74  6:49  Baneling x5  
  74  7:07  Mutalisk  
  74  7:08  Mutalisk x2  
  75  7:13  Zergling x16  
  80  7:20  Spine Crawler  
  69  7:34  Zergling x14  
  55  7:58  Baneling  
  55  7:59  Baneling, Mutalisk x3  
  61  8:09  Queen  
  61  8:11  Drone x9  
  72  8:13  Drone x2  
  74  8:22  Mutalisk  
  74  8:23  Mutalisk  
  77  8:34  Zergling x8  
  75  8:48  Zerg Ground Armor Level 2  
  75  8:54  Zergling x8, Infestation Pit  
  75  8:55  Zergling x8  
  82  9:14  Mutalisk x4  
  90  9:31  Hive  
  90  9:36  Overlord x8  
  90  10:21  Overseer  
  89  10:23  Pneumatized Carapace  
  89  10:43  Ultralisk Cavern  
  88  11:00  Extractor  
  88  11:02  Extractor x2  
  88  11:03  Hatchery  
  84  11:05  Hatchery  
  84  11:07  Extractor  
  82  11:19  Drone  
  82  11:20  Drone x5  
  82  11:21  Drone  
  82  11:22  Drone x4  
  82  11:23  Drone x6  
  82  11:24  Drone x12  
  111  11:35  Anabolic Synthesis  
  111  11:37  Zerg Ground Armor Level 3  
  111  11:40  Zerg Melee Weapons Level 3  
  111  11:58  Ultralisk x2  
  123  12:07  Drone x4  
  123  12:08  Drone  
  128  12:17  Chitinous Plating  
  128  12:22  Queen  
  128  12:23  Queen  
  132  12:31  Ultralisk  
  138  12:40  Ultralisk  
  144  12:47  Ultralisk  
  150  12:53  Spore Crawler  
  150  12:56  Spore Crawler, Spine Crawler  
  147  13:00  Spine Crawler  
  147  13:01  Spine Crawler  
  147  13:03  Spore Crawler  
  144  13:09  Ultralisk  
  150  13:18  Drone  
  150  13:19  Drone x2  
  153  13:20  Drone x5  
  152  13:37  Zergling x22  
  152  13:38  Zergling x2  
  152  13:39  Zergling x2  
  149  13:48  Spore Crawler  
  149  13:54  Zergling x18  
  149  13:55  Zergling x4  
Tags
 
Add a new tag
Caveats
  • Supply blocks, unpowered buildings, or Contaminate may cause inaccurate times.
  • Supply counts are checked every 10 seconds.